 Dungeon Crawl Stone Soup version 0.24-a0-201-gf205589 (webtiles) character file.

Game seed: 802526134580668542

269 Borgoz the Cutter (level 6, -8/42 HPs)
             Began as a Halfling Fighter on Mar 24, 2019.
             Mangled by an orc warrior
             ... wielding a +4 trident
              (15 damage)
             ... on level 4 of the Dungeon.
             The game lasted 00:04:36 (3143 turns).

Borgoz the Cutter (Halfling Fighter)                Turns: 3143, Time: 00:04:37

Health: -8/42      AC:  5    Str: 17    XL:     6   Next: 46%
Magic:  6/6        EV: 10    Int:  7    God:
Gold:   66         SH: 10    Dex: 15    Spells: 5/5 levels left

rFire    . . .     SeeInvis .   a - +0 rapier
rCold    . . .     Gourm    .   c - +0 shield
rNeg     . . .     Faith    .   n - +0 ring mail
rPois    .         Spirit   .   (no helmet)
rElec    .         Reflect  .   (no cloak)
rCorr    .         Harm     .   (no gloves)
MR       .....                  (no boots)
Stlth    +.........             (no amulet)
HPRegen  0.14/turn              (no ring)
MPRegen  0.10/turn              (no ring)

@: no status effects
A: small, mutation resistance 1
a: no special abilities


You were on level 4 of the Dungeon.
You were not hungry.

You visited 1 branch of the dungeon, and saw 4 of its levels.

You collected 66 gold pieces.

Inventory:

Hand Weapons
 a - a +0 rapier (weapon)
 b - a +0 blowgun
Missiles
 l - 2 tomahawks (quivered)
 x - 6 poisoned needles
Armour
 c - a +0 shield (worn)
 n - a +0 ring mail (worn)
Jewellery
 p - an uncursed ring of resist corrosion {unknown}
Wands
 o - a wand of enslavement (6)
Scrolls
 g - 3 scrolls of amnesia {unknown}
 i - 2 scrolls of teleportation {unknown}
 k - 2 scrolls of enchant armour {unknown}
 m - 4 scrolls of remove curse
 q - a scroll of fog {unknown}
 r - a scroll of noise {unknown}
 s - 2 scrolls of enchant weapon {unknown}
 v - a scroll of magic mapping {unknown}
Potions
 d - 2 potions of might
 e - 2 potions of heal wounds
 h - a potion of brilliance
 j - 2 potions of curing
 u - a potion of mutation {unknown}
Comestibles
 f - 7 rations


   Skills:
 + Level 3.6 Fighting
 + Level 5.0 Short Blades
 + Level 4.2 Armour
 + Level 0.9 Dodging
 + Level 0.2 Stealth
 + Level 4.5 Shields


You had 5 spell levels left.
You didn't know any spells.
Your spell library was empty.

Dungeon Overview and Level Annotations

Branches:
Dungeon (4/15)
 Temple: D:4-7

Altars:


Innate Abilities, Weirdness & Mutations

You are small and have problems with some larger weapons.
You are somewhat resistant to further mutation.


Message History

Evoke which item? (* to show all) (? for menu, Esc to quit)
Aiming: Enslavement
Press: ? - help, Shift-Dir - straight line, f - worker ant
Aim: a worker ant (chance to defeat MR: 54%)
The worker ant resists with significant effort.
The worker ant closely misses you.
The orc warrior hits you from afar with a +4 trident!
Evoke which item? (* to show all) (? for menu, Esc to quit)
Aiming: Enslavement
Press: ? - help, Shift-Dir - straight line, f/p - worker ant
Aim: a worker ant (chance to defeat MR: 54%)
The worker ant is charmed.
The orc warrior hits you from afar with a +4 trident!!
Ouch! That really hurt!
* * * LOW HITPOINT WARNING * * *
Your worker ant bites the orc warrior but does no damage.
A crimson imp comes into view.
You block the orc warrior's attack.
Your worker ant bites the orc warrior.
The orc warrior hits you from afar with a +4 trident!
You die...

.###
##..## #.#
#...# #.#
####..##
#.#
#.....#
#.#
##.#.###
#.# #....#
#.. #..###
### ##..#
#@.##
..ooooa..#
..5###.###
... #...
...## .###


You could see an orc warrior, a crimson imp, 3 orcs and a friendly worker ant.

Vanquished Creatures
  A scorpion (D:4)
  Jessica (D:2)
  Natasha (D:3)
  7 adders
  An ooze (D:1)
  3 worms
  3 dart slugs (D:1)
  4 leopard geckos (D:3)
  4 orcs
  2 ball pythons
  7 bats
  5 giant cockroaches
  8 goblins
  6 hobgoblins
  7 jackals
  A quokka (D:3)
  A frilled lizard (D:1)
  12 kobolds
  8 rats
82 creatures vanquished.

Notes
Turn   | Place    | Note
-------+----------+-------------------------------------------
     0 | D:1      | Borgoz the Halfling Fighter began the quest for the Orb.
     0 | D:1      | Reached XP level 1. HP: 15/15 MP: 1/1
    54 | D:1      | Reached XP level 2. HP: 19/20 MP: 2/2
   238 | D:1      | Reached XP level 3. HP: 25/25 MP: 3/3
   560 | D:1      | Reached skill level 3 in Short Blades
   980 | D:2      | Noticed Jessica
   990 | D:2      | Killed Jessica
   990 | D:2      | Reached XP level 4. HP: 23/31 MP: 4/4
  1336 | D:2      | Reached XP level 5. HP: 31/36 MP: 5/5
  1378 | D:2      | Reached skill level 4 in Short Blades
  1479 | D:2      | You fall through a shaft!
  2056 | D:3      | Noticed Natasha
  2065 | D:3      | Killed Natasha
  2065 | D:3      | Reached XP level 6. HP: 4/42 MP: 6/6
  3119 | D:4      | Reached skill level 5 in Short Blades
  3135 | D:4      | Noticed an orc warrior
  3143 | D:4      | Mangled by an orc warrior

Levels and vault maps discovered:
D:1:      giann_forest_graveyard, layout_basic, minmay_tromino_v4_a
D:2:      layout_basic, uniq_jessica
D:3:      layout_basic, fountainhead, minmay_misc_feat_more_columns,
          uniq_natasha
D:4:      layout_rooms, first_ration, grunt_decor_mini_mirrors, uniq_ijyb

Skill      XL: |  1  2  3  4  5  6 |
---------------+-------------------+-----
Fighting       | 3 |  3.6
Short Blades   | 3 4 5 |  5.0
Shields        | 4 |  4.5
Armour         | 4 |  4.2
Dodging        | |  0.9
Stealth        | |  0.2

Action                   |  1- 3 |  4- 6 || total
-------------------------+-------+-------++-------
Melee: Rapier            |    80 |   261 ||   341
Evoke: Wand              |       |     2 ||     2
  Use: Potion            |       |     1 ||     1
       Scroll            |       |     4 ||     4
  Eat: Chunk             |       |     8 ||     8
Armor: Scale mail        |     6 |       ||     6
       Ring mail         |    16 |    58 ||    74
       Leather armour    |       |     3 ||     3
Dodge: Dodged            |    20 |    95 ||   115
Block: Shield            |    40 |   139 ||   179

Table legend:
 A = Non-vault XP
 B = Vault XP
 C = Vault XP percentage of total XP
 D = Non-vault monster count
 E = Vault monster count
 F = Vault count percentage of total count
                 A         B        C        D         E       F
            +---------+---------+-------+---------+---------+-------
      Total |     308 |      77 |  20.0 |      77 |       5 |   6.1
            +---------+---------+-------+---------+---------+-------
        D:1 |      52 |       5 |   8.8 |      25 |       3 |  10.7
        D:2 |      69 |      37 |  34.9 |      17 |       1 |   5.6
        D:3 |      98 |      35 |  26.3 |      31 |       1 |   3.1
        D:4 |      89 |       0 |   0.0 |       4 |       0 |   0.0
            +---------+---------+-------+---------+---------+-------
